 Dungeon Crawl Stone Soup version 0.20-a0-555-gf6ae02d (webtiles) character file.

221 Lahna the Sneak (level 5, -1/26 HPs)
             Began as a Spriggan Assassin on Feb 7, 2017.
             Killed by nerve-wracking pain
             ... invoked by a shadow imp
              (11 damage)
             ... on level 4 of the Dungeon.
             The game lasted 00:07:02 (3466 turns).

Lahna the Sneak (Spriggan Assassin)                 Turns: 3466, Time: 00:07:03

Health: -1/26      AC:  3    Str:  7    XL:     5   Next: 65%
Magic:  6/6        EV: 20    Int: 13    God:
Gold:   164        SH:  0    Dex: 18    Spells: 4/4 levels left

rFire    . . .     SeeInvis +   a - +2 dagger
rCold    . . .     Gourm    .   c - +0 robe
rNeg     . . .     Faith    .   (shield restricted)
rPois    .         Spirit   .   (helmet restricted)
rElec    .         Reflect  .   d - +0 cloak
rCorr    .         Harm     .   (gloves unavailable)
MR       .....                  (boots unavailable)
Stlth    ++++......             (no amulet)
Regen    0.1/turn               (no ring)
                                (no ring)

@: slowed, quick
A: unfitting armour, see invisible, herbivore 3, speed 3, slow metabolism 2
a: no special abilities


You were on level 4 of the Dungeon.
You were hungry.

You visited 1 branch of the dungeon, and saw 4 of its levels.

You collected 164 gold pieces.

Inventory:

Hand Weapons
 a - a +2 dagger (weapon)
 b - a +0 blowgun
Missiles
 e - 6 poisoned needles
 f - 2 curare-tipped needles
Armour
 c - a +0 robe (worn)
 d - a +0 cloak (worn)
 j - a +0 buckler
Wands
 n - a wand of scattershot (3/9)
Scrolls
 h - a scroll of magic mapping {unknown}
 k - a scroll of blinking {unknown}
 l - a scroll of identify {unknown}
 o - a scroll of teleportation {unknown}
 p - a scroll of fear {unknown}
 r - a scroll of recharging {unknown}
Potions
 i - 2 potions of degeneration {unknown}
 m - 2 potions of resistance {unknown}
 q - a potion of curing {unknown}
 s - a potion of cancellation {unknown}
Comestibles
 g - 2 bread rations


   Skills:
 - Level 2.0 Fighting
 + Level 3.9 Short Blades
 - Level 2.0 Throwing
 + Level 4.4 Dodging
 + Level 7.9 Stealth


You had 4 spell levels left.
You didn't know any spells.

Dungeon Overview and Level Annotations

Branches:
Dungeon (4/15)
 Temple: D:4-7

Altars:
Xom

Annotations:
D:4 Natasha


Innate Abilities, Weirdness & Mutations

You are very small and have problems with some larger weapons.
You are too small for most types of armour.
You have supernaturally acute eyesight. (SInv)
You are a herbivore.
You cover ground extremely quickly.
You need consume almost no food.


Message History

Natasha completely misses you. The shadow imp closely misses you.
You closely miss Natasha.
Natasha is almost dead.
The ogre shouts!
Natasha closely misses you. The shadow imp misses you.
Natasha closely misses you.
You hit Natasha.
Natasha is almost dead.
The shadow imp completely misses you.
Natasha mumbles some strange words.
Natasha's front paws start to glow.
Natasha closely misses you. The shadow imp misses you.
You barely miss Natasha.
Natasha is almost dead.
Natasha howls an incantation.
Natasha shimmers violently.
Natasha completely misses you. The shadow imp gestures at you.
Pain shoots through your body!
You die...

####.##...
... #....#
### ...##
#.#### ##.#
#$# #.# #.#
#.# ##.##
##..O##
#.#.....###
........@5.#
####....h#.#
##...##.#
#.#.## .
#.#... .
##.### #. #


You could see an ogre, Natasha and a shadow imp.

Vanquished Creatures
  An orc wizard (D:4)
  2 centaur skeletons
  Natasha (twice) (D:4)
  2 adders (D:2)
  An ooze (D:1)
  A worm (D:4)
  7 leopard geckos
  3 orcs
  7 bats
  7 giant cockroaches
  3 goblins
  6 hobgoblins
  6 kobolds
  2 frilled lizards
  A jackal skeleton (D:4)
  5 rats
  2 butterflies (D:2)
58 creatures vanquished.

Notes
Turn   | Place    | Note
-------+----------+-------------------------------------------
     0 | D:1      | Lahna the Spriggan Assassin began the quest for the Orb.
     0 | D:1      | Reached XP level 1. HP: 10/10 MP: 2/2
    25 | D:1      | Reached skill level 6 in Stealth
   267 | D:1      | Reached XP level 2. HP: 15/15 MP: 3/3
   837 | D:1      | Reached XP level 3. HP: 18/18 MP: 4/4
  1659 | D:2      | Found a shimmering altar of Xom.
  1781 | D:3      | Reached skill level 7 in Stealth
  1781 | D:3      | Reached XP level 4. HP: 17/23 MP: 5/5
  2569 | D:4      | Noticed Natasha
  2590 | D:4      | Killed Natasha
  2590 | D:4      | Reached XP level 5. HP: 5/26 MP: 6/6
  3123 | D:4      | Noticed Natasha
  3139 | D:4      | Killed Natasha
  3377 | D:4      | Noticed an ogre
  3449 | D:4      | Noticed Natasha
  3466 | D:4      | Killed from afar by a shadow imp

Vault maps used:
D:1:      onia_arrival_mini_spirals
D:2:      xom_butterflies, first_bread, grunt_ministairs_11, minmay_door_square
D:3:      lemuel_crystal_altar, hex_large, lemuel_another_geyser
D:4:      uniq_natasha

Skill      XL: |  1  2  3  4 |
---------------+-------------+-----
Stealth        | 6 7 |  7.9
Dodging        | 2 3 4 |  4.4
Fighting       | 2 |  2.0
Short Blades   | 3 |  3.9
Throwing       | |  2.0

Action                   |  1- 3 |  4- 6 || total
-------------------------+-------+-------++-------
Melee: Dagger            |   119 |   118 ||   237
 Fire: Blowgun           |     6 |     3 ||     9
  Use: Scroll            |     1 |     1 ||     2
 Stab: Sleeping          |    16 |     4 ||    20
       Distracted        |     3 |       ||     3
Armor: Robe              |     8 |     9 ||    17
Dodge: Dodged            |    72 |    85 ||   157
